 Dungeon Crawl Stone Soup version 0.26-a0-737-g4e9f4955e2 (webtiles) character file.

Game seed: 12928692753119959069

206 Tarmasundar the Chopper (level 5, 0/67 HPs)
             Began as a Minotaur Berserker on Nov 5, 2020.
             Was a Believer of Trog.
             Slain by Grinder (3 damage)
             ... while paralysed by Grinder
             ... on level 3 of the Dungeon.
             The game lasted 00:05:05 (2893 turns).

Tarmasundar the Chopper (Minotaur Berserker)        Turns: 2893, Time: 00:05:05

Health: 0/67       AC:  6    Str: 23    XL:     5   Next: 53%
Magic:  4/4        EV:  2    Int:  4    God:    Trog [**....]
Gold:   166        SH:  0    Dex:  9    Spells: 4/4 levels left

rFire    + . .     SeeInvis .   a - +0 hand axe
rCold    . . .     Faith    .   (no shield)
rNeg     . . .     Spirit   .   n - +0 scale mail
rPois    .         Reflect  .   (helmet restricted)
rElec    .         Harm     .   (no cloak)
rCorr    .         Rampage  .   (no gloves)
MR       .....                  (no boots)
Stlth    ..........             (no amulet)
HPRegen  0.21/turn              c - ring of protection from fire
MPRegen  0.09/turn              (no ring)

@: paralysed, berserking (expiring)
A: retaliatory headbutt, horns 2
a: Berserk, Trog's Hand, Renounce Religion


You were on level 3 of the Dungeon.
You worshipped Trog.
Trog was pleased with you.
You visited 1 branch of the dungeon, and saw 3 of its levels.

You collected 166 gold pieces.

Inventory:

Hand Weapons
 a - a +0 hand axe (weapon)
Missiles
 d - 3 atropa-tipped darts (quivered)
 e - 11 poisoned darts
Armour
 n - a +0 scale mail (worn)
Jewellery
 c - a ring of protection from fire (left hand)
 r - an uncursed ring of stealth {unknown}
Scrolls
 b - 3 scrolls of remove curse {unknown}
 f - a scroll of amnesia {unknown}
 k - 4 scrolls of magic mapping {unknown}
 l - a scroll of teleportation {unknown}
 m - a scroll of blinking {unknown}
 o - a scroll of immolation {unknown}
Potions
 g - a potion of lignification {unknown}
 h - a potion of flight {unknown}
 i - 3 potions of heal wounds {unknown}
 j - a potion of berserk rage {unknown}
 p - 2 potions of cancellation {unknown}
 q - a potion of curing {unknown}


   Skills:
 - Level 3.6 Fighting
 + Level 7.6 Axes
 - Level 2.4 Armour
 - Level 2.1 Dodging


You had 4 spell levels left.
You didn't know any spells.
Your spell library was empty.

Dungeon Overview and Level Annotations

Branches:
Dungeon (3/15)

Altars:

Annotations:
D:3 Grinder


Innate Abilities, Weirdness & Mutations

You reflexively headbutt those who attack you in melee.
You have a pair of horns on your head.


Message History

* * * LOW HITPOINT WARNING * * *
You writhe in agony.
* * * LOW HITPOINT WARNING * * *
You closely miss Grinder.
Grinder is lightly wounded.
You closely miss Grinder.
Grinder is lightly wounded.
Grinder blinks!
You hit the rat but do no damage.
The rat is heavily wounded.
Grinder gestures at you.
You suddenly lose the ability to move!
The rat bites you.
* * * LOW HITPOINT WARNING * * *
Grinder gestures at you. You resist with significant effort.
The rat barely misses you. x2
The rat bites you but does no damage. The rat bites you but does no damage.
Grinder hits you.
You die...

#.......##.#######.###.....#####
#......†......# #.#...#
...........##.# #.#...#
####........#.# #.##..#
###.#.#....# #. ...#
...#.######### #####.#
#####.......... # .>#
#.........######.#
#.#######...5@r..# #######..#
..... .##### .. ##


You could see Grinder and a rat.

Vanquished Creatures
  Natasha (thrice) (D:2)
  7 adders
  An adder skeleton (D:3)
  An adder zombie (D:3)
  2 dart slugs (D:1)
  A leopard gecko (D:2)
  5 giant cockroaches
  10 goblins
  7 hobgoblins
  A quokka (D:2)
  A ball python (D:2)
  10 bats
  2 frilled lizards (D:2)
  5 kobolds
  12 rats
68 creatures vanquished.

Notes
Turn   | Place    | Note
-------+----------+-------------------------------------------
     0 | D:1      | Tarmasundar the Minotaur Berserker began the quest for the
                  | Orb.
     0 | D:1      | Reached XP level 1. HP: 19/19 MP: 0/0
   141 | D:1      | Reached skill level 4 in Axes
   350 | D:1      | Reached XP level 2. HP: 20/26 MP: 1/1
   706 | D:1      | Reached ** piety under Trog
   736 | D:1      | Reached skill level 5 in Axes
  1120 | D:1      | Reached XP level 3. HP: 26/31 MP: 2/2
  1503 | D:2      | Noticed Natasha
  1507 | D:2      | Killed Natasha
  1673 | D:2      | Noticed Natasha
  1688 | D:2      | Killed Natasha
  1688 | D:2      | Reached skill level 6 in Axes
  1688 | D:2      | Reached XP level 4. HP: 22/39 MP: 3/3
  2055 | D:2      | Noticed Natasha
  2060 | D:2      | Killed Natasha
  2060 | D:2      | Reached skill level 7 in Axes
  2060 | D:2      | Reached XP level 5. HP: 42/45 MP: 4/4
  2873 | D:3      | Noticed Grinder
  2885 | D:3      | HP: 3/67 [Grinder (5)]
  2888 | D:3      | Paralysed by Grinder for 6 turns
  2893 | D:3      | Slain by Grinder

Illustrated notes

Levels and vault maps discovered:
D:1:      ncdulo_smallfort, layout_basic, hangedman_abyss_or_decor_lesser_grid
D:2:      layout_loops_ring, minmay_circle_x, uniq_natasha
D:3:      layout_basic, uniq_grinder

Skill      XL: |  1  2  3  4 |
---------------+-------------+-----
Axes           | 4 5 6 7 |  7.6
Fighting       | |  3.6
Armour         | |  2.4
Dodging        | |  2.1

Action                   |  1- 3 |  4- 6 || total
-------------------------+-------+-------++-------
Melee: Hand axe          |    77 |    94 ||   171
       Headbutt          |     5 |    19 ||    24
Invok: Berserk           |       |     1 ||     1
Armor: Animal skin       |    12 |       ||    12
       Scale mail        |     6 |    37 ||    43
Dodge: Dodged            |    58 |    37 ||    95

Table legend: (Time is in decaauts)
 A = Elapsed time spent in this place.
 B = Non-inter-level travel time spent in this place.
 C = Inter-level travel time spent in this place.
 D = Time resting spent in this place.
 E = Time spent auto-exploring this place.
 F = Levels seen in this place.
 G = Mean time per level.
                   A        B        C        D        E       F      G
               +--------+--------+--------+--------+--------+-----+--------+
         Total |   2890 |   2769 |    121 |    527 |   1827 |   3 |  963.3 |
       Dungeon |   2890 |   2769 |    121 |    527 |   1827 |   3 |  963.3 |
               +--------+--------+--------+--------+--------+-----+--------+

Top non-repeatable levels by time:
     D:1: 1460 daAuts
     D:2: 1030 daAuts
     D:3: 399 daAuts
